 Dungeon Crawl Stone Soup version 0.23.1 (webtiles) character file.

Game seed: 9842042877333560643

1638 McKennaii the Cudgeler (level 8, 0/49 HPs)
             Began as a Gargoyle Fighter on Mar 11, 2019.
             Was an Initiate of Cheibriados.
             Slain by a wyvern zombie (2 damage)
             ... on level 7 of the Dungeon.
             The game lasted 00:13:21 (5838 turns).

McKennaii the Cudgeler (Gargoyle Fighter)           Turns: 5838, Time: 00:13:22

Health: 0/49       AC: 19    Str: 22    XL:     8   Next: 98%
Magic:  9/9        EV:  5    Int: 11    God:    Cheibriados [......]
Gold:   324        SH: 10    Dex: 10    Spells: 7/7 levels left

rFire    . . .     SeeInvis .   r - +4 flail
rCold    . . .     Gourm    .   c - +0 shield
rNeg     + . .     Faith    .   C - +0 plate armour
rPois    ∞         Spirit   .   (no helmet)
rElec    +         Reflect  .   y - +0 cloak
rCorr    +         Harm     .   (no gloves)
MR       .....                  (no boots)
Stlth    ..........             h - amulet of rage
HPRegen  0.16/turn              s - ring of resist corrosion
MPRegen  0.11/turn              (no ring)

@: very slow
A: talons 1, negative energy resistance 1, electricity resistance, unbreathing,
evolution 1, petrification resistance, rot immunity, AC +5
a: Bend Time, Renounce Religion, Evoke Berserk Rage


You were on level 7 of the Dungeon.
You worshipped Cheibriados.
Cheibriados was noncommittal.
You were not hungry.

You visited 2 branches of the dungeon, and saw 8 of its levels.

You collected 324 gold pieces.

Inventory:

Hand Weapons
 r - a +4 flail (weapon)
Armour
 c - a +0 shield (worn)
 y - a +0 cloak (worn)
 C - a +0 plate armour (worn)
Jewellery
 h - an amulet of rage (around neck)
 s - a ring of resist corrosion (left hand)
 A - an uncursed ring of fire
Wands
 v - a wand of polymorph (9)
 w - a wand of random effects (18)
Scrolls
 b - a scroll of teleportation {unknown}
 e - a scroll of fear {unknown}
 g - 4 scrolls of identify {unknown}
 i - a scroll of enchant armour {unknown}
 j - 3 scrolls of fog {unknown}
 m - 4 scrolls of remove curse {unknown}
 p - 2 scrolls of immolation {unknown}
 t - a scroll of amnesia {unknown}
 u - a scroll of noise {unknown}
Potions
 a - a potion of degeneration {unknown}
 d - 2 potions of might
 l - 2 potions of mutation
 n - a potion of agility
 o - a potion of heal wounds {unknown}
 q - a potion of ambrosia {unknown}
 x - a potion of flight {unknown}
 z - a potion of magic {unknown}
Comestibles
 f - 8 rations


   Skills:
 + Level 5.2 Fighting
 + Level 7.2 Maces & Flails
 + Level 5.9 Armour
 + Level 1.6 Dodging
 + Level 1.5 Stealth
 + Level 6.2 Shields
 + Level 0.7 Unarmed Combat
 + Level 1.8 Evocations


You had 7 spell levels left.
You didn't know any spells.
Your spell library contained the following spells:

 Spells                   Type           Power        Failure   Level  Hunger
 Beastly Appendage        Tmut           #.....       100%        1    ##.....
 Sticks to Snakes         Tmut           #.......     100%        2    ###....
 Spider Form              Tmut/Pois      #.........   100%        3    ####...
 Ice Form                 Ice/Tmut       #.......     100%        4    #####..
 Iskenderun's Mystic Bla  Conj           #.......     100%        4    #####..
 Blade Hands              Tmut           #.........   100%        5    ######.
 Yara's Violent Unravell  Hex/Tmut       #.........   100%        5    ######.


Dungeon Overview and Level Annotations

Branches:
Dungeon (7/15)             Temple (1/1) D:6

Altars:
Ashenzari
Cheibriados
Dithmenos
Elyvilon
Fedhas
Gozag
Hepliaklqana
Kikubaaqudgha
Makhleb
Nemelex Xobeh
Okawaru
Qazlal
Ru
Sif Muna
Trog
Uskayaw
Vehumet
Wu Jian
Xom
Yredelemnul
Zin
The Shining One

Annotations:
D:4 2 transporters, PentaManta's ghost, amateur OpMo


Innate Abilities, Weirdness & Mutations

You are resistant to torment.
Your stone body is resilient. (AC +5)
You are immune to poison.
You resist negative energy. (rN+)
You are resistant to electric shocks. (rElec)
You can survive without breathing.
You are immune to petrification.
You are immune to rotting.
You have sharp toenails.
You evolve.


Message History

The wyvern zombie bites you but does no damage.
The shadow imp hits you but does no damage.
The orc warrior hits you with a +0 short sword!
* * * LOW HITPOINT WARNING * * *
The wyvern zombie barely misses you.
Okay, then.
You block the shadow imp's attack. The shadow imp gestures at you.
You struggle to resist.
The wyvern zombie bites you!
* * * LOW HITPOINT WARNING * * *
The shadow imp barely misses you. You block the shadow imp's attack.
The wyvern zombie bites you.
* * * LOW HITPOINT WARNING * * *
Okay, then.
It was a potion of mutation.
You feel extremely strange.
Your toenails lengthen and sharpen.
You feel nature experimenting on you.
Don't worry, failures die fast.
You block the shadow imp's attack. The wyvern zombie bites you.
You die...

.#.......##.....o)...o..#.
.#......#..).##...#..#..#
.........#.o..o.o##.o# ...
).....#....o.ooo###o.##. .
.....##......o### #....#
[....###..o.#######....#
.....#....oooo.o........
..##....#....o#5Z...###.%
.## ..........#.@...# ...
..............#......#
...####.................
..## #..................
.... ..###.......#......
....... #...##.##..#...
###.. .... ## ..##.. ..
... ..# .. ..


You could see an orc warrior, a shadow imp, an orc and a wyvern zombie.

Vanquished Creatures
  A hippogriff (D:7)
  Sigmund (D:4)
  An ice beast (D:6)
  2 orc warriors
  An ogre (D:7)
  A phantom (D:4)
  3 centaurs
  A bullfrog (D:7)
  A scorpion (D:6)
  2 crimson imps (D:5)
  A quasit (D:7)
  A hound (D:5)
  Crazy Yiuf (D:5)
  An orc wizard (D:4)
  Ijyb (D:4)
  A worker ant (D:5)
  A worker ant zombie (D:5)
  7 gnolls
  9 adders
  A shadow imp (D:6)
  3 worms
  2 leopard geckos
  2 orcs (D:4)
  2 giant cockroaches
  7 goblins
  10 hobgoblins
  4 jackals
  7 kobolds
  A quokka (D:3)
  2 ball pythons
  11 bats
  4 frilled lizards
  A jackal zombie (D:7)
  A leopard gecko skeleton (D:4)
  7 rats
102 creatures vanquished.

Notes
Turn   | Place    | Note
-------+----------+-------------------------------------------
     0 | D:1      | McKennaii the Gargoyle Fighter began the quest for the Orb.
     0 | D:1      | Reached XP level 1. HP: 14/14 MP: 1/1
   128 | D:1      | Reached XP level 2. HP: 15/19 MP: 2/2
   613 | D:1      | Reached XP level 3. HP: 22/23 MP: 3/3
   858 | D:2      | Found a shattered altar of Ashenzari.
  1380 | D:2      | Reached skill level 3 in Maces & Flails
  1380 | D:2      | Reached XP level 4. HP: 18/28 MP: 4/4
  1510 | D:2      | Reached skill level 1 in Stealth
  1782 | D:3      | Reached XP level 5. HP: 25/33 MP: 5/5
  2159 | D:4      | Found a transporter.
  2174 | D:4      | Found a transporter.
  2215 | D:4      | Reached skill level 4 in Maces & Flails
  2354 | D:4      | Noticed a necrophage
  2366 | D:4      | Noticed PentaManta's ghost (amateur OpMo)
  2370 | D:4      | Identified the Tome of Hurtful Moulding
  2393 | D:4      | Noticed Ijyb
  2413 | D:4      | Killed Ijyb
  2413 | D:4      | Reached skill level 1 in Dodging
  2515 | D:4      | Noticed a phantom
  2544 | D:4      | Killed a phantom
  2544 | D:4      | Reached XP level 6. HP: 37/38 MP: 6/6
  2586 | D:4      | Noticed Sigmund
  2711 | D:4      | Killed Sigmund
  2711 | D:4      | Reached skill level 5 in Maces & Flails
  2711 | D:4      | Reached XP level 7. HP: 35/43 MP: 7/7
  2822 | D:4      | Reached skill level 5 in Shields
  2930 | D:4      | Found a bloodstained altar of Trog.
  2931 | D:4      | Found a shattered altar of Ashenzari.
  3136 | D:5      | Entered Level 5 of the Dungeon
  3247 | D:5      | Found a runed translucent door.
  3248 | D:5      | Noticed Crazy Yiuf
  3263 | D:5      | Killed Crazy Yiuf
  3365 | D:5      | Noticed Grinder
  3375 | D:5      | Noticed Grinder
  3375 | D:5      | Grinder changed into Grinder the iron imp
  3377 | D:5      | Noticed Grinder
  3377 | D:5      | Grinder the iron imp changed into Grinder the shadow imp
  3380 | D:5      | Noticed Grinder
  3380 | D:5      | Grinder the shadow imp changed into Grinder the crimson imp
  3381 | D:5      | Noticed Grinder
  3381 | D:5      | Grinder the crimson imp changed into Grinder the white imp
  3382 | D:5      | Noticed Grinder
  3382 | D:5      | Grinder the white imp changed into Grinder the crimson imp
  3392 | D:5      | Killed Grinder the crimson imp
  3432 | D:5      | Reached skill level 1 in Evocations
  3702 | D:5      | Found a shimmering altar of Xom.
  3904 | D:5      | Found a sacrificial altar of Ru.
  3912 | D:5      | Noticed Blork the orc
  3915 | D:5      | Noticed Blork
  3915 | D:5      | Blork the orc changed into Blork the worm
  3920 | D:5      | Killed Blork the worm
  4543 | D:6      | Reached skill level 6 in Maces & Flails
  4543 | D:6      | Reached XP level 8. HP: 33/48 MP: 9/9
  5012 | D:6      | Found a staircase to the Ecumenical Temple.
  5055 | Temple   | Entered the Ecumenical Temple
  5147 | Temple   | Became a worshipper of Cheibriados the Contemplative
  5414 | D:7      | Reached skill level 5 in Armour
  5471 | D:7      | Noticed a hippogriff
  5486 | D:7      | Killed a hippogriff
  5486 | D:7      | Reached skill level 5 in Fighting
  5655 | D:7      | Reached skill level 7 in Maces & Flails
  5837 | D:7      | HP: 2/49 [wyvern zombie (3)]
  5838 | D:7      | Gained mutation: You have sharp toenails. [potion of
                  | mutation]
  5838 | D:7      | Gained mutation: You evolve. [potion of mutation]
  5838 | D:7      | Slain by a wyvern zombie

Skill      XL: |  1  2  3  4  5  6  7  8 |
---------------+-------------------------+-----
Maces & Flails | 3 4 5 6 7 |  7.2
Stealth        | 1 |  1.5
Shields        | 4 5 6 |  6.2
Dodging        | 1 |  1.6
Fighting       | 4 5 |  5.2
Armour         | 4 5 |  5.9
Evocations     | 1 |  1.8
Unarmed Combat | |  0.7

Action                   |  1- 3 |  4- 6 |  7- 9 || total
-------------------------+-------+-------+-------++-------
Melee: Flail             |   134 |   160 |   151 ||   445
       Unarmed           |       |    11 |       ||    11
Evoke: Wand              |       |       |    16 ||    16
  Use: Potion            |       |       |     1 ||     1
  Eat: Chunk             |     2 |     4 |     7 ||    13
       Ration            |       |       |     1 ||     1
Armor: Scale mail        |    15 |       |       ||    15
       Chain mail        |    63 |   112 |    22 ||   197
       Skin              |       |     2 |       ||     2
       Plate armour      |       |       |    88 ||    88
Dodge: Dodged            |    32 |    33 |    36 ||   101
Block: Shield            |    80 |    95 |    89 ||   264
